Map: Fields of Death

Players

Retsech - Winner!

  • Race: Protoss Protoss

Gracz - Winner!

  • Race: Terran Terran

A.I. 2 (Medium)

  • Race: Terran Terran

A.I. 3 (Easy)

  • Race: Protoss Protoss

VOD

Have the link to the VOD?

Description

Time

  • Played on: Aug. 25, 2016, 1:26 p.m.
  • Length: 15:57
Show
View Real Time Build Order
Export as new Build Order

Retsech Protoss - Winner!

Build Orders:  

Get SALT Encoding   

  12  0:52  Probe (Chrono Boost)  
  13  1:02  Probe (Chrono Boost)  
  14  1:04  Assimilator  
  14  1:08  Assimilator  
  14  1:13  Probe (Chrono Boost)  
  15  1:27  Pylon  
  15  1:30  Pylon  
  15  1:37  Pylon  
  15  1:45  Probe (Chrono Boost)  
  16  1:56  Probe (Chrono Boost)  
  17  2:06  Probe (Chrono Boost)  
  18  2:17  Probe (Chrono Boost)  
  19  2:24  Gateway  
  19  2:27  Probe (Chrono Boost)  
  20  2:39  Gateway  
  20  3:39  Zealot x2  
  24  4:05  Nexus  
  24  4:06  Zealot x2  
  28  4:34  Zealot x2  
  32  4:43  Forge  
  32  5:04  Probe (Chrono Boost)  
  33  5:11  Pylon  
  33  5:13  Pylon  
  33  5:15  Pylon, Probe (Chrono Boost)  
  33  5:19  Probe (Chrono Boost)  
  35  5:24  Zealot  
  35  5:25  Zealot  
  39  5:29  Probe (Chrono Boost)  
  39  5:31  Protoss Ground Weapons Level 1  
  40  5:40  Probe (Chrono Boost)  
  41  5:44  Cybernetics Core  
  41  5:50  Probe (Chrono Boost)  
  41  5:51  Zealot  
  44  5:57  Assimilator  
  44  6:01  Assimilator, Probe (Chrono Boost)  
  45  6:11  Probe (Chrono Boost)  
  46  6:22  Probe (Chrono Boost)  
  47  6:32  Probe (Chrono Boost)  
  48  6:43  Probe (Chrono Boost)  
  49  6:48  Probe (Chrono Boost)  
  50  7:10  Stalker  
  50  7:11  Warp Gate  
  50  7:12  Stalker  
  54  7:28  Probe (Chrono Boost)  
  55  7:36  Stalker  
  55  7:39  Probe (Chrono Boost)  
  55  7:42  Stalker  
  60  7:49  Probe (Chrono Boost)  
  61  7:51  Gateway x2  
  61  8:00  Probe (Chrono Boost)  
  61  8:02  Stalker  
  62  8:09  Nexus  
  62  8:10  Stalker, Probe (Chrono Boost)  
  67  8:28  Stalker  
  70  8:34  Probe (Chrono Boost)  
  70  8:36  Stalker  
  72  8:46  Probe (Chrono Boost)  
  73  8:54  Stalker  
  73  8:58  Probe (Chrono Boost)  
  73  9:00  Stalker  
  78  9:15  Pylon  
  78  9:16  Stalker  
  78  9:17  Pylon  
  78  9:18  Pylon  
  78  9:20  Pylon, Stalker x2  
  78  9:21  Pylon  
  78  9:22  Pylon, Probe (Chrono Boost)  
  83  9:30  Stalker  
  87  9:34  Stargate, Probe (Chrono Boost)  
  88  9:42  Stalker  
  89  9:46  Probe (Chrono Boost)  
  95  9:56  Probe (Chrono Boost)  
  96  10:07  Probe (Chrono Boost)  
  99  10:17  Probe (Chrono Boost)  
  94  10:28  Probe (Chrono Boost)  
  95  10:32  Stargate  
  95  10:37  Stargate  
  95  10:38  Probe (Chrono Boost)  
  95  10:40  Stargate  
  96  10:43  Stalker x2  
  96  10:44  Stalker  
  96  10:45  Stalker  
  104  11:09  Assimilator  
  104  11:11  Assimilator  
  104  11:32  Void Ray  
  104  11:33  Void Ray x3  
  104  11:37  Stalker x2  
  104  11:38  Stalker  
  126  11:51  Pylon  
  126  11:53  Pylon  
  126  11:55  Pylon  
  126  11:57  Pylon  
  126  12:02  Protoss Ground Armor Level 1  
  126  12:10  Void Ray x3  
  126  12:15  Void Ray  
  132  13:56  Protoss Shields Level 1  
  128  14:59  Void Ray x3  
  128  15:01  Stalker x2  
  128  15:02  Stalker x2  
  128  15:05  Void Ray  
  152  15:33  Nexus  
  152  15:34  Pylon  
  152  15:36  Pylon  
  152  15:40  Pylon  
Show
View Real Time Build Order
Export as new Build Order

Gracz Terran - Winner!

Build Orders:  

Get SALT Encoding   

  12  0:21  Refinery  
  12  0:23  SCV  
  13  0:35  SCV  
  14  0:58  SCV  
  14  1:00  Supply Depot  
  15  1:34  SCV  
  15  1:39  Barracks  
  16  1:42  Barracks  
  16  1:51  Barracks  
  16  2:34  Barracks Reactor x2  
  16  2:43  SCV  
  17  2:48  Barracks Reactor  
  18  3:12  SCV  
  18  3:13  Refinery  
  18  4:01  Reaper  
  18  4:02  Reaper x4  
  23  4:07  Orbital Command  
  23  4:11  Supply Depot  
  23  4:32  Reaper  
  23  4:33  Reaper  
  23  4:34  Reaper x4  
  29  5:05  Reaper x2  
  31  5:13  Reaper  
  27  6:27  Reaper  
  27  6:28  Reaper x3  
  31  6:36  SCV, Reaper x2  
  34  6:48  SCV  
  35  6:59  Reaper  
  35  7:00  SCV, Reaper x3  
  40  7:08  Reaper x2  
  42  7:12  SCV  
  38  7:32  Reaper x3  
  35  7:45  Reaper x2  
  35  7:46  Reaper  
  33  8:04  Reaper x3  
  32  8:17  Reaper x2  
  32  8:18  Reaper  
  35  8:36  Reaper x2  
  35  8:39  Factory  
  37  8:53  Command Center  
  37  9:12  Refinery  
  37  9:18  Refinery  
  37  9:22  Marine  
  37  9:23  Marine x5  
  43  9:30  Factory  
  43  9:31  Factory Tech Lab  
  41  9:40  Marine  
  41  9:41  Marine x5  
  47  9:58  Marine  
  47  9:59  Marine  
  47  10:01  Marine  
  47  10:04  Marine x3  
  50  10:16  Marine, Siege Tank, Factory Tech Lab  
  50  10:17  Marine  
  50  10:19  Marine  
  50  10:20  SCV  
  57  10:22  Marine x3  
  57  10:25  SCV  
  61  10:32  SCV  
  62  10:37  Starport  
  62  10:42  Supply Depot  
  62  10:44  Supply Depot  
  62  10:46  Supply Depot  
  62  11:03  Marine x6, SCV x2  
  70  11:15  SCV  
  71  11:21  Marine x6, Starport  
  71  11:24  Starport Tech Lab  
  77  11:27  SCV  
  78  11:39  SCV  
  80  11:47  SCV  
  80  11:58  Orbital Command  
  80  11:59  SCV  
  81  12:16  Starport Tech Lab  
  81  12:50  Stimpack  
  78  13:23  Medivac  
  78  13:24  Medivac  
  82  13:29  Combat Shields  
  82  13:53  Medivac  
  82  13:54  Medivac  
  86  14:23  Medivac x2  
Show
View Real Time Build Order
Export as new Build Order

A.I. 2 (Medium) Terran 

Build Orders:  

Get SALT Encoding   

  12  0:01  SCV  
  13  0:13  SCV  
  14  0:18  Supply Depot  
  14  0:25  SCV  
  15  0:40  SCV  
  16  0:44  Barracks  
  16  0:50  Refinery  
  16  0:52  SCV  
  17  1:04  SCV  
  18  1:18  Supply Depot  
  18  1:30  Marine  
  19  1:33  Barracks, Orbital Command  
  19  1:44  Refinery  
  19  1:50  Barracks Tech Lab  
  19  2:07  Marine  
  20  2:12  Supply Depot  
  20  2:25  Marine  
  20  2:29  Marine  
  22  2:34  SCV  
  23  2:44  Marauder  
  25  2:46  Engineering Bay, SCV  
  25  2:47  Marine  
  27  2:58  SCV  
  28  2:59  Supply Depot  
  28  3:05  Marauder  
  30  3:08  Marine  
  30  3:10  SCV  
  32  3:22  SCV  
  32  3:26  Marauder  
  35  3:34  SCV  
  36  5:01  SCV  
  36  5:12  Barracks Tech Lab, Marine  
  36  5:13  SCV  
  38  5:17  Factory  
  38  5:21  Factory  
  37  5:25  SCV  
  37  5:27  Command Center  
  38  5:28  Ghost Academy  
  38  5:30  Marine  
  38  5:31  Supply Depot  
  38  5:32  Missile Turret  
  38  5:35  Missile Turret, Marauder  
  41  5:37  Sensor Tower  
  41  5:41  SCV  
  40  5:53  Marine, SCV  
  40  5:55  Barracks  
  39  6:03  Marine  
  37  6:11  Starport, Factory Tech Lab  
  37  6:12  Factory Tech Lab  
  37  6:13  Ghost  
  37  6:14  Armory  
  38  6:26  Marine  
  39  6:41  Command Center  
  39  6:42  Marauder  
  39  6:46  Bunker  
  39  6:47  Barracks Reactor, Marauder  
  43  6:50  Starport Tech Lab  
  42  7:10  Raven  
  42  7:11  Marine  
  38  7:21  Marine  
  38  7:31  Marine  
  31  7:42  Marauder  
  30  7:51  Ghost  
  30  7:53  Raven  
  33  7:59  Command Center  
  33  8:03  Marauder  
  35  8:12  Marine  
  36  8:22  Marauder  
  38  8:32  Marine  
  37  8:42  Marine  
  38  8:52  Marine  
  39  9:02  Marine  
  40  9:12  Marine, SCV  
  40  9:15  SCV  
  43  9:20  Missile Turret, Medivac  
  43  9:23  Marine  
  46  9:25  SCV  
  46  9:30  Missile Turret  
  47  9:35  Marauder  
  47  9:50  Viking  
  49  9:57  Starport  
  36  10:20  Banshee  
  39  10:33  Viking  
  41  10:45  Command Center  
  41  11:03  Raven  
  43  11:04  Starport Tech Lab  
  43  11:22  Viking  
  45  11:28  Refinery  
  45  11:29  SCV  
  46  11:37  Refinery  
  46  11:43  Supply Depot  
  46  11:44  SCV  
  46  11:46  Viking  
  46  11:47  SCV  
  50  11:52  Raven  
  52  11:56  SCV  
  52  11:57  Terran Ship Weapons Level 1  
  52  12:00  SCV  
  54  12:03  SCV  
  54  12:08  SCV  
  56  12:13  SCV  
  57  12:15  Banshee  
  57  12:16  SCV  
  57  12:20  SCV  
  62  12:25  SCV  
  62  12:28  SCV  
  64  12:32  SCV  
  64  12:34  Banshee  
  68  12:37  SCV  
  68  12:40  SCV  
  68  12:42  Hi-Sec Auto Tracking  
  70  12:44  SCV  
  70  12:49  SCV  
  72  12:52  SCV  
  72  12:56  Bunker, SCV  
  73  12:58  Banshee  
  73  13:01  Missile Turret, SCV  
  59  13:07  Marine  
  54  13:15  Marine  
  54  13:17  Viking  
  54  13:18  Marine  
  48  13:21  Marine  
  48  13:25  Marine  
  42  13:33  Marine  
  43  13:36  Marine  
  42  13:41  Viking  
  42  13:42  Marine  
  41  13:48  Hellion  
  32  13:56  SCV  
  24  14:10  Viking  
  24  14:14  SCV  
  18  14:26  SCV  
  17  14:38  Supply Depot  
  15  14:45  Command Center  
  15  14:46  Refinery, SCV  
  15  15:03  SCV  
  14  15:15  SCV  
  14  15:19  Barracks  
  14  15:27  SCV  
  14  15:29  Supply Depot  
  14  15:39  SCV  
Show
View Real Time Build Order
Export as new Build Order

A.I. 3 (Easy) Protoss 

Build Orders:  

Get SALT Encoding   

  12  0:01  Probe (Chrono Boost)  
  13  0:11  Probe (Chrono Boost)  
  14  0:20  Pylon  
  14  0:22  Probe (Chrono Boost)  
  15  0:38  Probe (Chrono Boost)  
  16  0:43  Assimilator  
  16  0:50  Gateway  
  16  0:53  Pylon  
  16  1:15  Assimilator  
  16  1:36  Zealot  
  16  1:39  Cybernetics Core  
  18  2:09  Pylon  
  18  2:10  Probe (Chrono Boost)  
  18  2:13  Warp Gate  
  19  2:17  Stalker  
  19  2:21  Probe (Chrono Boost)  
  22  2:33  Probe (Chrono Boost)  
  24  2:44  Probe (Chrono Boost)  
  24  2:52  Stalker  
  24  2:56  Probe (Chrono Boost)  
  27  3:08  Probe (Chrono Boost)  
  28  3:26  Adept  
  30  4:00  Adept  
  32  4:52  Probe (Chrono Boost)  
  32  6:17  Zealot  
  32  7:08  Sentry  
  32  7:10  Probe (Chrono Boost)  
  35  7:18  Pylon, Nexus  
  35  7:33  Stalker  
  35  7:36  Probe (Chrono Boost)  
  38  7:38  Robotics Facility  
  38  7:41  Pylon  
  38  7:58  Sentry  
  32  8:23  Stalker  
  32  8:25  Observer  
  33  8:31  Probe (Chrono Boost)  
  34  8:35  Probe (Chrono Boost)  
  34  8:39  Assimilator  
  35  8:42  Assimilator  
  35  8:43  Probe (Chrono Boost)  
  35  8:45  Observer  
  35  8:46  Probe (Chrono Boost)  
  38  8:48  Zealot  
  38  8:55  Probe (Chrono Boost)  
  41  8:57  Probe (Chrono Boost)  
  42  9:05  Probe (Chrono Boost)  
  42  9:08  Probe (Chrono Boost)  
  44  9:13  Stalker  
  47  9:17  Probe (Chrono Boost)  
  47  9:19  Probe (Chrono Boost)  
  48  9:28  Probe (Chrono Boost)  
  48  9:29  Probe (Chrono Boost)  
  50  9:38  Adept  
  50  9:39  Probe (Chrono Boost)  
  50  9:40  Probe (Chrono Boost)  
  54  9:50  Probe (Chrono Boost)  
  54  9:51  Probe (Chrono Boost)  
  56  10:01  Probe x2 (Chrono Boost)  
  58  10:11  Probe (Chrono Boost)  
  58  10:12  Probe (Chrono Boost)  
  60  12:15  Warp Prism  
  60  12:22  Gateway  
  62  12:25  Forge  
  62  12:27  Robotics Bay  
  62  12:29  Stargate  
  62  12:33  Pylon  
  62  12:37  Nexus  
  62  12:49  Observer  
  62  12:53  Protoss Ground Weapons Level 1, Pylon  
  63  13:00  Zealot  
  51  13:07  Warp Prism  
  51  13:11  Observer Gravitic Boosters  
  51  13:12  Gateway  
  53  13:13  Void Ray  
  53  13:15  Fleet Beacon  
  57  13:22  Pylon  
  57  13:28  Zealot  
  59  13:39  Pylon  
  57  13:43  Zealot  
  57  13:52  Probe (Chrono Boost)  
  59  13:56  Probe (Chrono Boost)  
  59  13:57  Zealot  
  59  13:59  Probe (Chrono Boost)  
  60  14:05  Probe (Chrono Boost)  
  60  14:06  Gravitic Drive  
  60  14:08  Probe (Chrono Boost)  
  53  14:12  Zealot  
  53  14:13  Probe (Chrono Boost)  
  53  14:14  Pylon  
  50  14:18  Probe (Chrono Boost)  
  50  14:22  Probe (Chrono Boost)  
  51  14:26  Zealot  
  51  14:27  Assimilator  
  51  14:31  Probe (Chrono Boost)  
  48  14:35  Probe (Chrono Boost)  
  42  14:43  Probe (Chrono Boost)  
  47  14:46  Probe (Chrono Boost)  
  47  14:54  Probe (Chrono Boost)  
  47  14:55  Zealot  
  47  14:57  Probe (Chrono Boost)  
  49  15:06  Probe (Chrono Boost)  
  42  15:08  Probe (Chrono Boost)  
  42  15:09  Zealot  
Tags
 
Add a new tag
Caveats
  • Supply blocks, unpowered buildings, or Contaminate may cause inaccurate times.
  • Supply counts are checked every 10 seconds.